 Dungeon Crawl Stone Soup version 0.27.1-2-g3b301248ec (webtiles) character file.

Game seed: 7331580905335850567

49 Metae the Covered (level 3, -1/33 HPs)
             Began as a Minotaur Fighter on Sept 28, 2021.
             Slain by Grinder (2 damage)
             ... on level 3 of the Dungeon.
             The game lasted 00:03:59 (1762 turns).

Metae the Covered (Minotaur Fighter)                Turns: 1762, Time: 00:04:00

Health: -1/33      AC: 10    Str: 21    XL:     3   Next: 51%
Magic:  2/2        EV:  7    Int:  5    God:
Gold:   35         SH:  9    Dex:  9    Spells: 2/2 levels left

rFire    x . .     SeeInvis .   a - +0 trident
rCold    + + .     Faith    .   c - +0 kite shield
rNeg     . . .     Spirit   .   f - +0 ice dragon scales
rPois    .         Reflect  .   (helmet restricted)
rElec    .         Harm     .   (no cloak)
rCorr    .         Rampage  .   (no gloves)
Will     .....                  (no boots)
Stlth    ..........             (no amulet)
HPRegen  0.11/turn              (no ring)
MPRegen  0.08/turn              (no ring)

@: no status effects
A: horns 2, retaliatory headbutt
a: no special abilities


You were on level 3 of the Dungeon.
You visited 1 branch of the dungeon, and saw 3 of its levels.

You collected 35 gold pieces.

Inventory:

Hand Weapons
 a - a +0 trident (weapon)
Armour
 b - a +0 scale mail
 c - a +0 kite shield (worn)
 f - +0 ice dragon scales (worn)
Scrolls
 g - a scroll of magic mapping
 h - 2 scrolls of teleportation
 k - a scroll of immolation
Potions
 d - a potion of might
 e - 3 potions of curing
 i - a potion of invisibility {unknown}
 j - a potion of mutation {unknown}
 l - 2 potions of heal wounds {unknown}


   Skills:
 + Level 4.2 Fighting
 + Level 3.1 Polearms
 + Level 4.2 Armour
 + Level 4.1 Shields


You had 2 spell levels left.
You didn't know any spells.
Your spell library was empty.

Dungeon Overview and Level Annotations

Branches:
Dungeon (3/15)

Altars:

Annotations:
D:3 Grinder


Innate Abilities, Weirdness & Mutations

You have a pair of horns on your head.
You reflexively headbutt those who attack you in melee.


Message History

Grinder is moderately wounded.
Grinder hits you but does no damage. Grinder hits you!
You writhe in agony.
You closely miss Grinder.
Grinder is moderately wounded.
Grinder barely misses you.
You barely miss Grinder.
Grinder is moderately wounded.
Grinder barely misses you.
You hit Grinder. You headbutt Grinder.
Grinder is heavily wounded.
Grinder blinks!
You completely miss Grinder.
Grinder is heavily wounded.
You block Grinder's attack.
You barely miss Grinder. Your headbutt misses Grinder.
Grinder is heavily wounded.
Grinder says, "FISH!"
You block Grinder's attack.
You hit Grinder but do no damage.
Grinder is heavily wounded.
Grinder barely misses you. You furiously retaliate!
You headbutt Grinder.
Grinder blinks!
Grinder blinks!
Unknown command.
Grinder hits you but does no damage.
You closely miss Grinder. You headbutt Grinder!
Grinder is severely wounded.
You block Grinder's attack.
You hit Grinder but do no damage.
Grinder is severely wounded.
Grinder gestures at you. Pain shoots through your body!
* * * LOW HITPOINT WARNING * * *
You hit Grinder.
Grinder is almost dead.
Grinder blinks!
Grinder hits you.
* * * LOW HITPOINT WARNING * * *
You writhe in agony.
You die...

#####...###.#......##
.............#.##...####.
...............##†.......
.............####...####.
###.......#.#####.###
#.......#.......##
#.......######.#.##
#.......# #.###.#
#......(# ##@#..#
##5#.###### #........#
#.#.##.#.#. #.#........
#.#.##.#.#. #.#.. ..#
...... ## .######


You could see Grinder.

Vanquished Creatures
  2 worms
  3 endoplasms
  4 giant cockroaches
  6 goblins
  6 hobgoblins
  2 kobolds (D:2)
  2 quokkas
  4 ball pythons
  5 bats
  A frilled lizard (D:2)
35 creatures vanquished.

Vanquished Creatures (others)
  47 plants (D:3)
47 creatures vanquished.

Grand Total: 82 creatures vanquished

Notes
Turn   | Place    | Note
-------+----------+-------------------------------------------
     0 | D:1      | Metae the Minotaur Fighter began the quest for the Orb.
     0 | D:1      | Reached XP level 1. HP: 19/19 MP: 0/0
   222 | D:1      | Reached XP level 2. HP: 27/27 MP: 1/1
  1009 | D:2      | Reached XP level 3. HP: 33/33 MP: 2/2
  1042 | D:2      | Found a faded altar of an unknown god.
  1732 | D:3      | Noticed Grinder
  1762 | D:3      | HP: 1/33 [Grinder (6)]
  1762 | D:3      | Slain by Grinder

Illustrated notes

Levels and vault maps discovered:
D:1:      nzn_arrival_depleted_hourglass, layout_rooms
D:2:      layout_rooms, serial_corexii_hall, chequers_hall_statues_y,
          chequers_hall_statues_corner_a, corexii_hall_statues_l,
          corexii_hall_statues_i, basic_ecumenical_altar
D:3:      layout_loops_cross, mainiacjoe_overflow_chevrons,
          mainiacjoe_overflow_catch_the_wave, uniq_grinder

Skill      XL: |  1  2 |
---------------+-------+-----
Fighting       | 4 |  4.2
Shields        | 4 |  4.1
Armour         | 4 |  4.2
Polearms       | 3 |  3.1

Action                   || total
-------------------------++-------
Melee: Trident           ||   120
       Headbutt          ||    16
  Use: Scroll            ||     4
Armor: Scale mail        ||    44
       Ice dragon scales ||     7
Dodge: Dodged            ||    27
Block: Kite shield       ||    66
